 Dungeon Crawl Stone Soup version 0.15.0-23-gc2b521c (console) character file.

94 gw the Cudgeler (level 4, -10/38 HPs)
             Began as a Minotaur Death Knight on Sept 9, 2014.
             Was a Believer of Yredelemnul.
             Mangled by gw's ghost (13 damage)
             ... on Level 3 of the Dungeon.
             The game lasted 00:01:20 (2851 turns).

gw the Cudgeler (Minotaur Death Knight)             Turns: 2851, Time: 00:01:20

HP -10/38        AC  2     Str 17      XL: 4   Next: 38%
MP   2/4         EV 11     Int  8      God: Yredelemnul [**....]
Gold 0           SH  0     Dex 11      Spells:  0 memorised,  3 levels left

rFire  . . .     SeeInvis .     b - +1 mace
rCold  . . .     Clarity  +     f - +0 robe (curse)
rNeg   . . .     rCorr    .     (no shield)
rPois  .         rRot     .     (helmet restricted)
rElec  .         Spirit   .     (no cloak)
SustAb .         Warding  .     (no gloves)
rMut   .         Stasis   .     (no boots)
Gourm  .                        k - amulet of clarity
MR     +....                    (no ring)
                                m - ring of protection from magic

@: somewhat resistant to hostile enchantments, very unstealthy
A: retaliatory headbutt, horns 2
a: Animate Remains, Recall Undead Slaves, Injury Mirror, Renounce Religion


You were on level 3 of the Dungeon.
You worshipped Yredelemnul.
Yredelemnul was pleased with you.
You were not hungry.

You visited 1 branch of the dungeon, and saw 3 of its levels.

Inventory:

Hand weapons
 b - a +1 mace (weapon)
Missiles
 i - 46 stones (quivered)
Armour
 e - a +0 leather armour
 f - a cursed +0 robe (worn)
 l - a +0 scale mail
Magical devices
 j - a wand of disintegration (8) {unknown}
Comestibles
 c - a bread ration
 g - a royal jelly
 h - a meat ration
Scrolls
 a - a scroll of identify
Jewellery
 k - an amulet of clarity (around neck)
 m - a ring of protection from magic (left hand)
Potions
 d - a potion of might {unknown}


   Skills:
 + Level 3.1 Fighting
 * Level 4.1 Maces & Flails
 + Level 1.1 Throwing
 + Level 2.4 Armour
 - Level 1.1 Dodging
 + Level 3.0 Invocations


You had 3 spell levels left.
You didn't know any spells.

Dungeon Overview and Level Annotations

Branches:
Dungeon (3/15)

Altars:
Qazlal

Annotations:
D:3 gw's ghost, average MiGl


Innate Abilities, Weirdness & Mutations

You reflexively headbutt those who attack you in melee.
You have a pair of horns on your head.


Message History

An orc wizard comes into view. It is wielding a dagger.
ATTACK MOVE TO (1,0) Gw's ghost hits you!
ATTACK MOVE TO (1,0)
You hit gw's ghost but do no damage. Your headbutt misses gw's ghost.
The orc wizard gestures wildly while chanting.
The orc wizard seems to speed up.
Gw's ghost hits you!
An orc comes into view. It is wielding a hand axe.
ATTACK MOVE TO (1,0)
You hit gw's ghost.
You headbutt gw's ghost, but do no damage.
Gw's ghost is lightly damaged.
Gw's ghost hits you!
ATTACK MOVE TO (1,-1)
You hit the orc wizard.
The orc wizard is moderately wounded.
The orc wizard casts a spell at you. The magic dart hits you!
Gw's ghost hits you!
You die...
Your body rises from the dead as a mindless zombie.

#.#################.# #.# #.#
###'#### #.# #......# #.###
#).....# ####### #.... ###
#......# #.....######## ..#
#......#####...^....... ..#
#......##oo'.........#
..#######.....ZZHW##.........#
...............#####.....#+#.#
.>.......................#
...........$.............+
.......$....#######......#
Z...........# ####..#####
.###.###....# #.....#
.#ยค..Z.#..).# #.....##
.#....Z#.)..# #......#


You could see an orc wizard, gw's ghost, an orc, a friendly jackal zombie and a
friendly hobgoblin skeleton.

Table legend:
 A = Turns spent in this place as a percentage of turns spent in the entire game.
 B = Non-inter-level travel turns spent in this place as a percentage of non-inter-level travel turns spent in the entire game.
 C = Inter-level travel turns spent in this place as a percentage of turns spent in this place.
 D = Turns resting spent in this place as a percentage of non-inter-level travel turns spent in this place.
 E = Turns spent auto-exploring this place as a percentage of non-inter-level travel turns spent in this place.
 F = Non-inter-level travel turns spent in this place divided by the number of levels of this place that you've seen.
                   A       B       C       D       E      F
               +-------+-------+-------+-------+-------+----------------------
         Total | 100.0 | 100.0 |   1.4 |   5.7 |  14.6 | 256.0
       Dungeon | 100.0 | 100.0 |   1.4 |   5.7 |  14.6 | 256.0
               +-------+-------+-------+-------+-------+----------------------

Table legend:
 A = Kills in this place as a percentage of kills in entire the game.
 B = Kills by you in this place as a percentage of kills by you in the entire game.
 C = Kills by friends in this place as a percentage of kills by friends in the entire game.
 D = Other kills in this place as a percentage of other kills in the entire game.
 E = Experience gained in this place as a percentage of experience gained in the entire game.
 F = Experience gained in this place divided by the number of levels of this place that you have seen.
                   A       B       C       D       E      F
               +-------+-------+-------+-------+-------+----------------------
         Total | 100.0 | 100.0 | 100.0 |  -nan | 100.0 |  45.0
       Dungeon | 100.0 | 100.0 | 100.0 |  -nan | 100.0 |  45.0
               +-------+-------+-------+-------+-------+----------------------

Vanquished Creatures
  2 adders (D:2)
  A giant mite (D:2)
  An orc (D:3)
  4 giant cockroaches
  8 goblins
  10 hobgoblins
  10 jackals
  2 quokkas
  7 bats
  4 giant newts (D:1)
  2 kobolds
  4 rats
55 creatures vanquished.

Vanquished Creatures (collateral kills)
  A worm (D:2)
  A giant cockroach (D:2)
  2 goblins (D:2)
4 creatures vanquished.

Vanquished Creatures (others)
  A bat zombie (D:3)
  A giant mite zombie (D:2)
  A hobgoblin zombie (D:3)
  A rat skeleton (D:2)
4 creatures vanquished.

Grand Total: 63 creatures vanquished

Notes
Turn   | Place    | Note
--------------------------------------------------------------
     0 | D:1      | gw, the Minotaur Death Knight, began the quest for the Orb.
     0 | D:1      | Reached XP level 1. HP: 18/18 MP: 1/1
   120 | D:1      | Reached XP level 2. HP: 6/25 MP: 1/1
   460 | D:1      | Reached skill level 3 in Maces & Flails
   928 | D:1      | Acquired Yredelemnul's second power
  1006 | D:1      | Reached XP level 3. HP: 28/30 MP: 3/3
  1597 | D:2      | Reached skill level 1 in Throwing
  1613 | D:2      | Reached skill level 4 in Maces & Flails
  1989 | D:2      | Reached XP level 4. HP: 34/37 MP: 3/4
  2665 | D:3      | Found a stormy altar of Qazlal.
  2844 | D:3      | Noticed gw's ghost (average MiGl)
  2851 | D:3      | Mangled by gw's ghost

Action                   |  1- 3 |  4- 6 || total
-------------------------+-------+-------++-------
Melee: Mace              |    76 |    26 ||   102
Throw: Stone             |    11 |    34 ||    45
Invok: Animate Remains   |     5 |     5 ||    10
       Recall Undead Sla |       |     1 ||     1
  Use: Potion            |     3 |       ||     3
       Scroll            |     2 |     1 ||     3
  Eat: Chunk             |     3 |     4 ||     7

Vault maps used:
D:1:      erik_arrival_blinker_ship
D:3:      grunt_qazlal_clouds
